Punishers vs Icehogs
Created - March 12, 2025 at 21:17
Goals
|
| Punishers |
2 |
1 |
2 |
5 |
| Icehogs |
2 |
0 |
0 |
2 |
|
Shots
|
| Punishers |
11 |
15 |
13 |
39 |
| Icehogs |
14 |
8 |
11 |
33 |
|
1st period
1. Icehogs , Hudson Fasching 36 (Trevor Zegras 38) at 3:12
2. Punishers , Oskar Lindblom 28 (Noah Juulsen 12) at 6:36 (PP)
3. Punishers , Oskar Lindblom 29 (Kurtis Gabriel 30, Karson Kuhlman 36) at 9:15
4. Icehogs , Hudson Fasching 37 (Jeremy Davies 30, Mikhail Grigorenko 30) at 16:33
Penalties :
Patrick Sieloff (Roc) for Interference (Minor) at 6:21, Karson Kuhlman (Pro) for Slashing (Minor) at 9:37, Oskar Lindblom (Pro) for Cross-checking (Minor) at 11:26
2nd period
5. Punishers , Kole Lind 19 (Adam Ruzicka 20, Warren Foegele 21) at 9:18
Penalties :
Karson Kuhlman (Pro) for Tripping (Minor) at 1:31, Trevor Zegras (Roc) for Hooking (Minor) at 9:26, Ben Johnson (Roc) for Hooking (Minor) at 13:06
3rd period
6. Punishers , Ben Meyers 7 (Joel Kiviranta 10, Jesse Ylonen 11) at 9:59
7. Punishers , Oskar Lindblom 30 (Kurtis Gabriel 31, Karson Kuhlman 37) at 10:15
Penalties :
Jack Ahcan (Pro) for Tripping (Minor) at 0:33, Patrick Sieloff (Roc) for High sticking (Minor) at 4:56, Ben Betker (Pro) for Hooking (Minor) at 10:58, Jeremy Davies (Roc) for Delaying the game (Minor) at 15:57, Trevor Zegras (Roc) for Roughing (Minor) at 19:38
Goalie Stats
Antoine Bibeau (Pro), 31 saves from 33 shots - (0.939), W, 17-11-5, 60:00 minutes
Mackenzie Blackwood (Roc), 34 saves from 39 shots - (0.872), L, 22-18-3, 60:00 minutes
Players Stats for Punishers
Player Name G A P +/- PIM S H SB GA TA FO MP PP MP PK MP
------------------------------------------------------------------------------------
Adam Ruzicka 0 1 1 0 0 2 1 0 2 1 5/10 16:11 3:26 1:25
Ben Betker 0 0 0 0 2 3 0 1 0 0 0/0 25:49 5:42 4:50
Ben Meyers 1 0 1 1 0 1 1 0 0 0 1/8 10:06 0:00 0:00
Braden Tracey 0 0 0 -1 0 1 0 0 0 0 0/0 5:41 0:00 0:00
Jack Ahcan 0 0 0 0 2 0 0 1 0 0 0/0 10:20 0:00 0:32
Jesse Ylonen 0 1 1 0 0 3 1 0 0 0 2/2 14:17 0:00 3:33
Joel Kiviranta 0 1 1 1 0 3 0 0 0 0 0/1 12:21 0:18 1:57
Karson Kuhlman 0 2 2 2 4 2 1 1 1 0 12/29 20:34 4:48 3:09
Kole Lind 1 0 1 0 0 5 3 0 0 0 1/1 18:36 3:26 2:31
Kurtis Gabriel 0 2 2 2 0 2 4 0 1 1 1/3 21:43 4:48 2:31
Lassi Thomson 0 0 0 -1 0 0 0 0 0 0 0/0 3:58 0:00 0:00
Marcus Karlberg 0 0 0 0 0 0 0 0 0 0 0/0 3:08 0:34 0:00
Nicolas Beaudin 0 0 0 3 0 1 1 1 0 1 0/0 20:15 2:50 4:23
Niko Mikkola 0 0 0 3 0 1 1 2 0 1 0/0 20:15 2:50 4:23
Noah Juulsen 0 1 1 0 0 3 2 3 0 1 0/0 26:00 5:42 5:22
Oskar Lindblom 3 0 3 2 2 11 1 0 0 1 5/8 26:30 4:50 4:09
Rasmus Sandin 0 0 0 -1 0 0 0 0 0 0 0/0 3:58 0:00 0:00
Ryan Suzuki 0 0 0 -1 0 1 0 0 0 0 0/2 5:41 0:00 0:00
Urho Vaakanainen 0 0 0 0 0 0 0 0 0 0 0/0 9:47 0:00 0:00
Warren Foegele 0 1 1 0 0 0 0 0 0 1 0/0 14:50 3:26 0:04
Players Stats for Icehogs
Player Name G A P +/- PIM S H SB GA TA FO MP PP MP PK MP
------------------------------------------------------------------------------------
Andrew Poturalski 0 0 0 -2 0 0 1 0 0 0 5/10 17:30 4:20 1:59
Antoine Morand 0 0 0 0 0 0 0 0 0 0 0/0 0:00 0:00 0:00
Ben Johnson 0 0 0 0 2 2 2 0 2 0 3/4 9:57 0:01 0:10
Calle Andersson 0 0 0 -2 0 0 2 2 1 1 0/0 20:46 3:13 3:59
Clark Bishop 0 0 0 0 0 0 0 0 0 0 0/0 0:00 0:00 0:00
Declan Chisholm 0 0 0 1 0 1 0 1 0 1 0/0 12:54 0:00 0:37
Dillon Dube 0 0 0 0 0 1 2 1 0 0 20/36 22:06 5:24 5:02
Egor Afanasyev 0 0 0 0 0 0 0 0 0 0 0/0 0:00 0:00 0:00
Gabriel Fortier 0 0 0 0 0 1 0 0 0 0 1/2 9:05 0:00 0:00
Hudson Fasching 2 0 2 0 0 7 1 1 2 0 0/2 17:03 5:24 0:00
Jackson Cates 0 0 0 0 0 0 0 0 0 0 0/0 0:00 0:00 0:00
Jeremy Davies 0 1 1 -2 2 2 1 1 0 1 0/0 18:37 3:13 1:26
JJ. Piccinich 0 0 0 0 0 2 1 0 0 0 1/1 9:46 0:01 0:00
Julius Honka 0 0 0 -1 0 1 1 1 0 1 0/0 27:49 6:32 5:36
Kristian Reichel 0 0 0 0 0 0 0 0 0 0 0/0 0:00 0:00 0:00
Maxim Letunov 0 0 0 0 0 4 1 0 1 0 2/2 9:05 0:00 0:00
Mikhail Grigorenko 0 1 1 -1 0 5 2 0 0 0 3/3 20:41 5:25 5:31
Mitchell Chaffee 0 0 0 0 0 0 1 0 0 0 1/1 9:05 0:00 0:00
Nikita Okhotyuk 0 0 0 0 0 0 0 0 0 0 0/0 0:31 0:00 0:00
Nikita Scherbak 0 0 0 -2 0 1 0 1 0 0 0/2 17:29 4:20 2:00
Patrick Sieloff 0 0 0 -1 4 2 2 2 0 0 0/0 26:23 6:32 3:59
Ross Johnston 0 0 0 0 0 0 2 0 0 0 1/1 9:52 0:00 0:07
Trevor Zegras 0 1 1 -1 4 4 1 0 1 0 0/0 19:41 4:20 2:15
Zach Whitecloud 0 0 0 1 0 0 0 0 0 0 0/0 13:02 0:00 1:27
3 Stars
1 - Oskar Lindblom (Pro)
2 - Kurtis Gabriel (Pro)
3 - Hudson Fasching (Roc)
Power Play
Punishers - 1 on 6 Attempt(s) - 16.67%
Icehogs - 0 on 5 Attempt(s) - 0.00%
Penalty Kill
Punishers - 5 on 5 Attempt(s) - 100.00%
- Score 0 goal in Penalty Kill
Icehogs - 5 on 6 Attempt(s) - 83.33%
- Score 0 goal in Penalty Kill
Team Stat
Punishers - Hits : 16 - Faceoff Wins : 27 - Blocked Shots : 9 - Penalty Minutes : 10
Icehogs - Hits : 20 - Faceoff Wins : 37 - Blocked Shots : 10 - Penalty Minutes : 12
Official
Referees : Brad Meier and Dan O'Rourke
Linesman : Kory Nagy and Steve Miller
Game Notes
Oskar Lindblom has scored a Hat Trick!
Finance
Level 1 -- Attendance: 1939 (96.95%) -- Ticket Income $135,730
Level 2 -- Attendance: 1000 (100.00%) -- Ticket Income $40,000
Total Attendance: 2939 (97.97%)
Total Ticket Income: $175,730
Other Income: $8,786
Total Income: $184,516
Punishers
5 vs 5 Forward
Center Left Wing Right Wing Time % Phy DF OF
1 Karson Kuhlman Oskar Lindblom Kurtis Gabriel 40 1 2 2
2 Adam Ruzicka Warren Foegele Kole Lind 30 1 2 2
3 Ben Meyers Joel Kiviranta Jesse Ylonen 20 1 2 2
4 Ryan Suzuki Braden Tracey Oskar Lindblom 10 1 2 2
5 vs 5 Defense
Defense Defense Time % Phy DF OF
1 Noah Juulsen Ben Betker 40 1 2 2
2 Niko Mikkola Nicolas Beaudin 30 1 2 2
3 Urho Vaakanainen Jack Ahcan 20 1 2 2
4 Rasmus Sandin Lassi Thomson 10 1 2 2
PowerPlay Forward
Center Left Wing Right Wing Time % Phy DF OF
1 Karson Kuhlman Oskar Lindblom Kurtis Gabriel 60 1 2 2
2 Adam Ruzicka Warren Foegele Kole Lind 40 1 2 2
PowerPlay Defense
Defense Defense Time % Phy DF OF
1 Noah Juulsen Ben Betker 60 1 2 2
2 Niko Mikkola Nicolas Beaudin 40 1 2 2
Penalty Kill 4 Players Forward
Center Wing Time % Phy DF OF
1 Oskar Lindblom Karson Kuhlman 60 1 2 2
2 Kurtis Gabriel Kole Lind 40 1 2 2
Penalty Kill 4 Players Defense
Defense Defense Time % Phy DF OF
1 Noah Juulsen Ben Betker 60 1 2 2
2 Niko Mikkola Nicolas Beaudin 40 1 2 2
Penalty Kill - 3 Players Forward
Forward Time % Phy DF OF
1 Oskar Lindblom 60 1 2 2
2 Karson Kuhlman 40 1 2 2
Penalty Kill - 3 Players Defense
Defense Defense Time % Phy DF OF
1 Noah Juulsen Ben Betker 60 1 2 2
2 Niko Mikkola Nicolas Beaudin 40 1 2 2
4 vs 4 Forward
Center Wing Time % Phy DF OF
1 Oskar Lindblom Karson Kuhlman 60 1 2 2
2 Kurtis Gabriel Kole Lind 40 1 2 2
4 vs 4 Defense
Defense Defense Time % Phy DF OF
1 Noah Juulsen Ben Betker 60 1 2 2
2 Niko Mikkola Nicolas Beaudin 40 1 2 2
Last Minutes Offensive
Center Left Wing Right Wing Defense Defense
Karson Kuhlman Oskar Lindblom Kurtis Gabriel Noah Juulsen Ben Betker
Last Minutes Defensive
Center Left Wing Right Wing Defense Defense
Karson Kuhlman Oskar Lindblom Kurtis Gabriel Noah Juulsen Ben Betker
Goaltenders
Starting : Antoine Bibeau
Backup : Cal Petersen
Extra Forwards
Normal : Marcus Karlberg, Joel Kiviranta, Jesse Ylonen - PP : Marcus Karlberg, Joel Kiviranta - PK : Jesse Ylonen
Extra Defensemen
Normal : Urho Vaakanainen, Jack Ahcan, Rasmus Sandin - PP : Urho Vaakanainen - PK : Jack Ahcan, Rasmus Sandin
Penalty Shots
Oskar Lindblom, Karson Kuhlman, Kurtis Gabriel, Kole Lind, Warren Foegele
Custom OT Lines Forwards
Oskar Lindblom, Karson Kuhlman, Kurtis Gabriel, Kole Lind, Warren Foegele, Adam Ruzicka, Joel Kiviranta, Jesse Ylonen, Ben Meyers, Braden Tracey
Custom OT Lines Defensemen
Noah Juulsen, Ben Betker, Niko Mikkola, Nicolas Beaudin, Urho Vaakanainen
Scratches
Daniel Audette (Healthy), Carson Meyer (Healthy), Jack LaFontaine (Healthy), Carter Gylander (Healthy)
Icehogs
5 vs 5 Forward
Center Left Wing Right Wing Time % Phy DF OF
1 Dillon Dube Trevor Zegras Hudson Fasching 40 1 2 2
2 Andrew Poturalski Mikhail Grigorenko Nikita Scherbak 30 1 2 2
3 Ben Johnson Ross Johnston JJ. Piccinich 20 1 2 2
4 Maxim Letunov Gabriel Fortier Mitchell Chaffee 10 1 2 2
5 vs 5 Defense
Defense Defense Time % Phy DF OF
1 Patrick Sieloff Julius Honka 40 1 2 2
2 Jeremy Davies Calle Andersson 30 1 2 2
3 Zach Whitecloud Declan Chisholm 20 1 2 2
4 Patrick Sieloff Julius Honka 10 1 2 2
PowerPlay Forward
Center Left Wing Right Wing Time % Phy DF OF
1 Dillon Dube Mikhail Grigorenko Hudson Fasching 60 1 2 2
2 Andrew Poturalski Trevor Zegras Nikita Scherbak 40 1 2 2
PowerPlay Defense
Defense Defense Time % Phy DF OF
1 Patrick Sieloff Julius Honka 60 1 2 2
2 Jeremy Davies Calle Andersson 40 1 2 2
Penalty Kill 4 Players Forward
Center Wing Time % Phy DF OF
1 Dillon Dube Mikhail Grigorenko 60 1 2 2
2 Andrew Poturalski Trevor Zegras 40 1 2 2
Penalty Kill 4 Players Defense
Defense Defense Time % Phy DF OF
1 Patrick Sieloff Julius Honka 60 1 2 2
2 Jeremy Davies Calle Andersson 40 1 2 2
Penalty Kill - 3 Players Forward
Forward Time % Phy DF OF
1 Dillon Dube 60 1 2 2
2 Andrew Poturalski 40 1 2 2
Penalty Kill - 3 Players Defense
Defense Defense Time % Phy DF OF
1 Patrick Sieloff Julius Honka 60 1 2 2
2 Jeremy Davies Calle Andersson 40 1 2 2
4 vs 4 Forward
Center Wing Time % Phy DF OF
1 Dillon Dube Mikhail Grigorenko 60 1 2 2
2 Andrew Poturalski Trevor Zegras 40 1 2 2
4 vs 4 Defense
Defense Defense Time % Phy DF OF
1 Patrick Sieloff Julius Honka 60 1 2 2
2 Jeremy Davies Calle Andersson 40 1 2 2
Last Minutes Offensive
Center Left Wing Right Wing Defense Defense
Dillon Dube Mikhail Grigorenko Hudson Fasching Patrick Sieloff Julius Honka
Last Minutes Defensive
Center Left Wing Right Wing Defense Defense
Dillon Dube Mikhail Grigorenko Hudson Fasching Patrick Sieloff Julius Honka
Goaltenders
Starting : Mackenzie Blackwood
Backup : Oscar Dansk
Extra Forwards
Normal : Nikita Scherbak, Trevor Zegras, Ben Johnson - PP : Nikita Scherbak, Trevor Zegras - PK : Nikita Scherbak
Extra Defensemen
Normal : Calle Andersson, Zach Whitecloud, Declan Chisholm - PP : Calle Andersson - PK : Calle Andersson, Zach Whitecloud
Penalty Shots
Mikhail Grigorenko, Hudson Fasching, Dillon Dube, Andrew Poturalski, Nikita Scherbak
Custom OT Lines Forwards
Mikhail Grigorenko, Hudson Fasching, Dillon Dube, Andrew Poturalski, Nikita Scherbak, Trevor Zegras, Ben Johnson, Maxim Letunov, Ross Johnston, JJ. Piccinich
Custom OT Lines Defensemen
Patrick Sieloff, Julius Honka, Jeremy Davies, Calle Andersson, Zach Whitecloud
Scratches
Petr Kvaca (Healthy)
% Time on Ice - Punishers
Lines # - Real PCT - Wanted PCT - Time Play
Normal Forward
1 - 31% - 40% - 13:01
2 - 31% - 30% - 12:55
3 - 24% - 20% - 10:06
4 - 14% - 10% - 5:41
Normal Defense
1 - 36% - 40% - 14:56
2 - 31% - 30% - 13:02
3 - 23% - 20% - 9:47
4 - 10% - 10% - 3:58
PP Forward
1 - 60% - 60% - 5:06
2 - 40% - 40% - 3:26
PP Defense
1 - 67% - 60% - 5:42
2 - 33% - 40% - 2:50
PK Forward
1 - 74% - 60% - 7:04
2 - 26% - 40% - 2:31
PK Defense
1 - 54% - 60% - 5:12
2 - 46% - 40% - 4:23
PK3 Forward
1 - 100% - 60% - 0:10
2 - 0% - 40% - 0:00
PK3 Defense
1 - 100% - 60% - 0:10
2 - 0% - 40% - 0:00
44 Forward
1 - 0% - 60%
2 - 0% - 40%
44 Defense
1 - 0% - 60%
2 - 0% - 40%
Last Minute Offensive - 0:00
Last Minute Defensive - 0:00
Total
Forward - 60:00
Defense - 60:00
|
% Time on Ice - Icehogs
Lines # - Real PCT - Wanted PCT - Time Play
Normal Forward
1 - 28% - 40% - 11:44
2 - 27% - 30% - 11:11
3 - 23% - 20% - 9:43
4 - 22% - 10% - 9:05
Normal Defense
1 - 37% - 40% - 15:32
2 - 35% - 30% - 14:36
3 - 26% - 20% - 11:03
4 - 1% - 10% - 0:32
PP Forward
1 - 56% - 60% - 5:25
2 - 44% - 40% - 4:20
PP Defense
1 - 67% - 60% - 6:32
2 - 33% - 40% - 3:13
PK Forward
1 - 77% - 60% - 6:33
2 - 23% - 40% - 1:59
PK Defense
1 - 71% - 60% - 6:01
2 - 29% - 40% - 2:31
PK3 Forward
1 - 0% - 60%
2 - 0% - 40%
PK3 Defense
1 - 0% - 60%
2 - 0% - 40%
44 Forward
1 - 0% - 60%
2 - 0% - 40%
44 Defense
1 - 0% - 60%
2 - 0% - 40%
Last Minute Offensive - 0:00
Last Minute Defensive - 0:00
Total
Forward - 60:00
Defense - 60:00
|
Play-by-Play
1st period
0:01 of 1st period - Karson Kuhlman wins face-off versus Dillon Dube in neutral zone.
0:04 of 1st period - Trevor Zegras is hit by Kurtis Gabriel and loses puck.
0:25 of 1st period - Julius Honka is hit by Kole Lind and loses puck.
0:54 of 1st period - Wrist shot by Jeremy Davies.
0:54 of 1st period - Shot Blocked by Niko Mikkola.
1:25 of 1st period - Snap shot by Dillon Dube.
1:25 of 1st period - Stopped by Antoine Bibeau with a rebound.
2:09 of 1st period - Snap shot by Ben Johnson.
2:09 of 1st period - Shot Blocked by Jack Ahcan.
2:34 of 1st period - Off-side.
2:35 of 1st period - Gabriel Fortier wins face-off versus Ryan Suzuki in neutral zone.
2:51 of 1st period - Ben Betker is hit by Maxim Letunov and loses puck.
3:12 of 1st period - Snap shot by Hudson Fasching.
3:12 of 1st period - Goal by Hudson Fasching - Punishers : 0 - Icehogs : 1.
3:13 of 1st period - Karson Kuhlman wins face-off versus Andrew Poturalski in neutral zone.
3:24 of 1st period - Wrist shot by Oskar Lindblom.
3:24 of 1st period - Shot Blocked by Julius Honka.
4:07 of 1st period - Ben Betker is hit by Ben Johnson.
4:41 of 1st period - Snap shot by Nicolas Beaudin.
4:41 of 1st period - Stopped by Mackenzie Blackwood with a rebound.
4:51 of 1st period - Snap shot by Kole Lind.
4:51 of 1st period - Shot Blocked by Hudson Fasching.
4:55 of 1st period - Slapshot by Kole Lind.
4:55 of 1st period - Shot Misses the Net.
5:15 of 1st period - Slapshot by Julius Honka.
5:15 of 1st period - Stopped by Antoine Bibeau with a rebound.
5:49 of 1st period - Slapshot by Patrick Sieloff.
5:49 of 1st period - Stopped by Antoine Bibeau without a rebound.
5:50 of 1st period - Maxim Letunov wins face-off versus Adam Ruzicka in Punishers zone.
5:51 of 1st period - Wrist shot by Gabriel Fortier.
5:51 of 1st period - Deflect By Maxim Letunov.
5:51 of 1st period - Stopped by Antoine Bibeau with a rebound.
5:57 of 1st period - Snap shot by Maxim Letunov.
5:57 of 1st period - Stopped by Antoine Bibeau with a rebound.
6:03 of 1st period - Wrist shot by Kole Lind.
6:03 of 1st period - Deflect By Adam Ruzicka.
6:03 of 1st period - Shot Misses the Net.
6:03 of 1st period - Puck is out of play.
6:04 of 1st period - Dillon Dube wins face-off versus Ben Meyers in Icehogs zone.
6:19 of 1st period - Slapshot by Joel Kiviranta.
6:19 of 1st period - Stopped by Mackenzie Blackwood with a rebound.
6:21 of 1st period - Minor Penalty to Patrick Sieloff for Interference.
6:22 of 1st period - Dillon Dube wins face-off versus Karson Kuhlman in Icehogs zone.
6:31 of 1st period - Mikhail Grigorenko is hit by Karson Kuhlman and loses puck.
6:36 of 1st period - Snap shot by Oskar Lindblom.
6:36 of 1st period - Goal by Oskar Lindblom - Punishers : 1 - Icehogs : 1.
6:37 of 1st period - Dillon Dube wins face-off versus Karson Kuhlman in neutral zone.
6:51 of 1st period - Slapshot by Julius Honka.
6:51 of 1st period - Shot Misses the Net.
6:53 of 1st period - Wrist shot by Hudson Fasching.
6:53 of 1st period - Stopped by Antoine Bibeau with a rebound.
7:31 of 1st period - Wrist shot by Ben Meyers.
7:31 of 1st period - Shot Blocked by Jeremy Davies.
7:47 of 1st period - Wrist shot by Maxim Letunov.
7:47 of 1st period - Shot Misses the Net.
7:49 of 1st period - Slapshot by Declan Chisholm.
7:49 of 1st period - Stopped by Antoine Bibeau with a rebound.
8:38 of 1st period - Julius Honka is hit by Kole Lind and loses puck.
8:45 of 1st period - Lassi Thomson is hit by Patrick Sieloff and loses puck.
8:54 of 1st period - Snap shot by Adam Ruzicka.
8:54 of 1st period - Stopped by Mackenzie Blackwood without a rebound.
8:55 of 1st period - Karson Kuhlman wins face-off versus Dillon Dube in Icehogs zone.
8:56 of 1st period - Slapshot by Oskar Lindblom.
8:56 of 1st period - Shot Misses the Net.
9:03 of 1st period - Off-side.
9:04 of 1st period - Karson Kuhlman wins face-off versus Dillon Dube in neutral zone.
9:15 of 1st period - Wrist shot by Oskar Lindblom.
9:15 of 1st period - Goal by Oskar Lindblom - Punishers : 2 - Icehogs : 1.
9:16 of 1st period - Dillon Dube wins face-off versus Karson Kuhlman in neutral zone.
9:21 of 1st period - Snap shot by Hudson Fasching.
9:21 of 1st period - Shot Misses the Net.
9:23 of 1st period - Snap shot by Trevor Zegras.
9:23 of 1st period - Shot Misses the Net.
9:25 of 1st period - Snap shot by Hudson Fasching.
9:25 of 1st period - Stopped by Antoine Bibeau with a rebound.
9:37 of 1st period - Minor Penalty to Karson Kuhlman for Slashing.
9:38 of 1st period - Oskar Lindblom wins face-off versus Dillon Dube in Punishers zone.
10:27 of 1st period - Icing by Hudson Fasching.
10:28 of 1st period - Mikhail Grigorenko wins face-off versus Adam Ruzicka in Icehogs zone.
10:48 of 1st period - Off-side.
10:49 of 1st period - Oskar Lindblom wins face-off versus Andrew Poturalski in neutral zone.
11:02 of 1st period - Slapshot by Julius Honka.
11:02 of 1st period - Deflect By Andrew Poturalski.
11:02 of 1st period - Shot Misses the Net.
11:02 of 1st period - Puck is out of play.
11:03 of 1st period - Dillon Dube wins face-off versus Oskar Lindblom in Punishers zone.
11:26 of 1st period - Minor Penalty to Oskar Lindblom for Cross-checking.
11:27 of 1st period - Jesse Ylonen wins face-off versus Dillon Dube in Punishers zone.
11:37 of 1st period - Penalty to Karson Kuhlman is over, Karson Kuhlman is back on ice.
12:16 of 1st period - Icing by Hudson Fasching.
12:17 of 1st period - Dillon Dube wins face-off versus Kurtis Gabriel in Icehogs zone.
12:43 of 1st period - Snap shot by Hudson Fasching.
12:43 of 1st period - Stopped by Antoine Bibeau with a rebound.
12:45 of 1st period - Slapshot by Dillon Dube.
12:45 of 1st period - Shot Misses the Net.
12:47 of 1st period - Slapshot by Dillon Dube.
12:47 of 1st period - Deflect By Mikhail Grigorenko.
12:47 of 1st period - Shot Blocked by Karson Kuhlman.
12:47 of 1st period - Puck is out of play.
12:48 of 1st period - Andrew Poturalski wins face-off versus Adam Ruzicka in Punishers zone.
13:03 of 1st period - Slapshot by Julius Honka.
13:03 of 1st period - Shot Misses the Net.
13:26 of 1st period - Penalty to Oskar Lindblom is over, Oskar Lindblom is back on ice.
13:39 of 1st period - Snap shot by Kurtis Gabriel.
13:39 of 1st period - Shot Misses the Net.
13:41 of 1st period - Wrist shot by Kole Lind.
13:41 of 1st period - Shot Misses the Net.
13:43 of 1st period - Wrist shot by Noah Juulsen.
13:43 of 1st period - Shot Blocked by Patrick Sieloff.
13:45 of 1st period - Snap shot by Kole Lind.
13:45 of 1st period - Shot Misses the Net.
13:47 of 1st period - Snap shot by Kurtis Gabriel.
13:47 of 1st period - Shot Misses the Net.
13:49 of 1st period - Wrist shot by Kurtis Gabriel.
13:49 of 1st period - Stopped by Mackenzie Blackwood with a rebound.
13:51 of 1st period - Wrist shot by Oskar Lindblom.
13:51 of 1st period - Shot Misses the Net.
13:53 of 1st period - Snap shot by Ben Betker.
13:53 of 1st period - Stopped by Mackenzie Blackwood with a rebound.
14:01 of 1st period - Wrist shot by Oskar Lindblom.
14:01 of 1st period - Shot Misses the Net.
14:09 of 1st period - Noah Juulsen is hit by Patrick Sieloff.
14:19 of 1st period - Slapshot by Oskar Lindblom.
14:19 of 1st period - Stopped by Mackenzie Blackwood with a rebound.
14:21 of 1st period - Slapshot by Noah Juulsen.
14:21 of 1st period - Shot Misses the Net.
14:41 of 1st period - Wrist shot by Kole Lind.
14:41 of 1st period - Stopped by Mackenzie Blackwood with a rebound.
14:43 of 1st period - Snap shot by Oskar Lindblom.
14:43 of 1st period - Shot Misses the Net.
15:03 of 1st period - Wrist shot by Oskar Lindblom.
15:03 of 1st period - Stopped by Mackenzie Blackwood without a rebound.
15:04 of 1st period - JJ. Piccinich wins face-off versus Ben Meyers in Icehogs zone.
15:35 of 1st period - Slapshot by Gabriel Fortier.
15:35 of 1st period - Shot Blocked by Niko Mikkola.
16:29 of 1st period - Wrist shot by Mikhail Grigorenko.
16:29 of 1st period - Stopped by Antoine Bibeau with a rebound.
16:31 of 1st period - Slapshot by Jeremy Davies.
16:31 of 1st period - Stopped by Antoine Bibeau with a rebound.
16:33 of 1st period - Snap shot by Hudson Fasching.
16:33 of 1st period - Goal by Hudson Fasching - Punishers : 2 - Icehogs : 2.
16:34 of 1st period - Ben Johnson wins face-off versus Ben Meyers in neutral zone.
18:02 of 1st period - Snap shot by Kurtis Gabriel.
18:02 of 1st period - Shot Misses the Net.
18:04 of 1st period - Backhand shot by Oskar Lindblom.
18:04 of 1st period - Stopped by Mackenzie Blackwood with a rebound.
18:06 of 1st period - Wrist shot by Kurtis Gabriel.
18:06 of 1st period - Shot Blocked by Declan Chisholm.
18:26 of 1st period - Snap shot by Ben Johnson.
18:26 of 1st period - Stopped by Antoine Bibeau with a rebound.
18:36 of 1st period - Jack Ahcan is hit by Hudson Fasching and loses puck.
19:17 of 1st period - Snap shot by Maxim Letunov.
19:17 of 1st period - Shot Hit the Post.
19:27 of 1st period - Mitchell Chaffee is hit by Nicolas Beaudin and loses puck.
19:44 of 1st period - Snap shot by Ben Johnson.
19:44 of 1st period - Shot Misses the Net.
Goals for this period are 2 for Punishers vs 2 for Icehogs.
Shots for this period are 11 for Punishers vs 14 for Icehogs.
2nd period
0:01 of 2nd period - Dillon Dube wins face-off versus Karson Kuhlman in neutral zone.
0:49 of 2nd period - Slapshot by Ben Johnson.
0:49 of 2nd period - Shot Misses the Net.
0:51 of 2nd period - Slapshot by Zach Whitecloud.
0:51 of 2nd period - Shot Blocked by Nicolas Beaudin.
0:53 of 2nd period - Snap shot by JJ. Piccinich.
0:53 of 2nd period - Stopped by Antoine Bibeau without a rebound.
0:54 of 2nd period - Kurtis Gabriel wins face-off versus Dillon Dube in Punishers zone.
0:54 of 2nd period - Kurtis Gabriel is hit by Dillon Dube.
1:09 of 2nd period - Off-side.
1:10 of 2nd period - Andrew Poturalski wins face-off versus Karson Kuhlman in neutral zone.
1:31 of 2nd period - Minor Penalty to Karson Kuhlman for Tripping.
1:32 of 2nd period - Oskar Lindblom wins face-off versus Dillon Dube in Punishers zone.
3:31 of 2nd period - Penalty to Karson Kuhlman is over, Karson Kuhlman is back on ice.
3:43 of 2nd period - Snap shot by Kole Lind.
3:43 of 2nd period - Shot Misses the Net.
3:51 of 2nd period - Ben Betker is hit by Calle Andersson and loses puck.
4:06 of 2nd period - Slapshot by Oskar Lindblom.
4:06 of 2nd period - Stopped by Mackenzie Blackwood without a rebound.
4:07 of 2nd period - Karson Kuhlman wins face-off versus Gabriel Fortier in Icehogs zone.
4:34 of 2nd period - Zach Whitecloud is hit by Ben Meyers and loses puck.
4:51 of 2nd period - Wrist shot by Adam Ruzicka.
4:51 of 2nd period - Stopped by Mackenzie Blackwood with a rebound.
4:53 of 2nd period - Snap shot by Kole Lind.
4:53 of 2nd period - Stopped by Mackenzie Blackwood with a rebound.
5:13 of 2nd period - Declan Chisholm is hit by Oskar Lindblom and loses puck.
5:41 of 2nd period - Icing by Zach Whitecloud.
5:42 of 2nd period - Adam Ruzicka wins face-off versus Andrew Poturalski in Icehogs zone.
6:14 of 2nd period - Dillon Dube is hit by Niko Mikkola and loses puck.
6:37 of 2nd period - Snap shot by Oskar Lindblom.
6:37 of 2nd period - Shot Misses the Net.
7:15 of 2nd period - Slapshot by Oskar Lindblom.
7:15 of 2nd period - Stopped by Mackenzie Blackwood without a rebound.
7:16 of 2nd period - Ben Meyers wins face-off versus Dillon Dube in Icehogs zone.
7:19 of 2nd period - Slapshot by Ben Betker.
7:19 of 2nd period - Deflect By Jesse Ylonen.
7:19 of 2nd period - Stopped by Mackenzie Blackwood without a rebound.
7:20 of 2nd period - Dillon Dube wins face-off versus Ben Meyers in Icehogs zone.
7:20 of 2nd period - Dillon Dube is hit by Jesse Ylonen.
7:46 of 2nd period - Snap shot by Ben Betker.
7:46 of 2nd period - Stopped by Mackenzie Blackwood with a rebound.
7:48 of 2nd period - Slapshot by Ben Betker.
7:48 of 2nd period - Deflect By Adam Ruzicka.
7:48 of 2nd period - Shot Misses the Net.
7:48 of 2nd period - Puck is out of play.
7:49 of 2nd period - Adam Ruzicka wins face-off versus Nikita Scherbak in Icehogs zone.
7:50 of 2nd period - Snap shot by Kole Lind.
7:50 of 2nd period - Stopped by Mackenzie Blackwood without a rebound.
7:51 of 2nd period - Kole Lind wins face-off versus Dillon Dube in Icehogs zone.
8:55 of 2nd period - Snap shot by Ben Johnson.
8:55 of 2nd period - Shot Misses the Net.
9:03 of 2nd period - Slapshot by Hudson Fasching.
9:03 of 2nd period - Stopped by Antoine Bibeau with a rebound.
9:05 of 2nd period - Snap shot by Trevor Zegras.
9:05 of 2nd period - Stopped by Antoine Bibeau without a rebound.
9:06 of 2nd period - Adam Ruzicka wins face-off versus Nikita Scherbak in Punishers zone.
9:06 of 2nd period - Adam Ruzicka is hit by Mikhail Grigorenko.
9:18 of 2nd period - Wrist shot by Kole Lind.
9:18 of 2nd period - Goal by Kole Lind - Punishers : 3 - Icehogs : 2.
9:19 of 2nd period - Karson Kuhlman wins face-off versus Hudson Fasching in neutral zone.
9:24 of 2nd period - Snap shot by Oskar Lindblom.
9:24 of 2nd period - Shot Blocked by Patrick Sieloff.
9:26 of 2nd period - Minor Penalty to Trevor Zegras for Hooking.
9:27 of 2nd period - Dillon Dube wins face-off versus Karson Kuhlman in Icehogs zone.
9:32 of 2nd period - Slapshot by Patrick Sieloff.
9:32 of 2nd period - Stopped by Antoine Bibeau with a rebound.
9:42 of 2nd period - Snap shot by Karson Kuhlman.
9:42 of 2nd period - Stopped by Mackenzie Blackwood without a rebound.
9:43 of 2nd period - Karson Kuhlman wins face-off versus Dillon Dube in Icehogs zone.
9:44 of 2nd period - Snap shot by Oskar Lindblom.
9:44 of 2nd period - Stopped by Mackenzie Blackwood with a rebound.
9:54 of 2nd period - Wrist shot by Mikhail Grigorenko.
9:54 of 2nd period - Stopped by Antoine Bibeau without a rebound.
9:55 of 2nd period - Dillon Dube wins face-off versus Karson Kuhlman in Punishers zone.
10:05 of 2nd period - Backhand shot by Oskar Lindblom.
10:05 of 2nd period - Stopped by Mackenzie Blackwood without a rebound.
10:06 of 2nd period - Karson Kuhlman wins face-off versus Dillon Dube in Icehogs zone.
10:54 of 2nd period - Dillon Dube is hit by Kurtis Gabriel and loses puck.
11:17 of 2nd period - Nikita Scherbak is hit by Noah Juulsen and loses puck.
11:26 of 2nd period - Penalty to Trevor Zegras is over, Trevor Zegras is back on ice.
12:12 of 2nd period - Icing by Jack Ahcan.
12:13 of 2nd period - Dillon Dube wins face-off versus Ben Meyers in Punishers zone.
12:18 of 2nd period - Wrist shot by Trevor Zegras.
12:18 of 2nd period - Stopped by Antoine Bibeau without a rebound.
12:19 of 2nd period - Andrew Poturalski wins face-off versus Karson Kuhlman in Punishers zone.
12:24 of 2nd period - Wrist shot by Mikhail Grigorenko.
12:24 of 2nd period - Stopped by Antoine Bibeau with a rebound.
13:06 of 2nd period - Minor Penalty to Ben Johnson for Hooking.
13:07 of 2nd period - Dillon Dube wins face-off versus Karson Kuhlman in Icehogs zone.
13:07 of 2nd period - Dillon Dube is hit by Kurtis Gabriel.
13:18 of 2nd period - Slapshot by Noah Juulsen.
13:18 of 2nd period - Stopped by Mackenzie Blackwood with a rebound.
13:20 of 2nd period - Snap shot by Oskar Lindblom.
13:20 of 2nd period - Shot Misses the Net.
13:22 of 2nd period - Snap shot by Karson Kuhlman.
13:22 of 2nd period - Shot Misses the Net.
15:06 of 2nd period - Penalty to Ben Johnson is over, Ben Johnson is back on ice.
15:15 of 2nd period - Snap shot by Gabriel Fortier.
15:15 of 2nd period - Shot Misses the Net.
15:17 of 2nd period - Slapshot by Gabriel Fortier.
15:17 of 2nd period - Shot Misses the Net.
17:39 of 2nd period - Slapshot by Mikhail Grigorenko.
17:39 of 2nd period - Stopped by Antoine Bibeau without a rebound.
17:40 of 2nd period - Andrew Poturalski wins face-off versus Adam Ruzicka in Punishers zone.
18:05 of 2nd period - Snap shot by Jesse Ylonen.
18:05 of 2nd period - Stopped by Mackenzie Blackwood with a rebound.
18:07 of 2nd period - Slapshot by Niko Mikkola.
18:07 of 2nd period - Deflect By Hudson Fasching.
18:07 of 2nd period - Stopped by Mackenzie Blackwood with a rebound.
18:09 of 2nd period - Wrist shot by Joel Kiviranta.
18:09 of 2nd period - Shot Blocked by Dillon Dube.
19:52 of 2nd period - Snap shot by Kole Lind.
19:52 of 2nd period - Stopped by Mackenzie Blackwood with a rebound.
Goals for this period are 1 for Punishers vs 0 for Icehogs.
Shots for this period are 15 for Punishers vs 8 for Icehogs.
3rd period
0:01 of 3rd period - Dillon Dube wins face-off versus Karson Kuhlman in neutral zone.
0:03 of 3rd period - Off-side.
0:04 of 3rd period - Dillon Dube wins face-off versus Karson Kuhlman in neutral zone.
0:04 of 3rd period - Dillon Dube is hit by Noah Juulsen.
0:08 of 3rd period - Slapshot by Patrick Sieloff.
0:08 of 3rd period - Deflect By Trevor Zegras.
0:08 of 3rd period - Shot Misses the Net.
0:08 of 3rd period - Puck is out of play.
0:09 of 3rd period - Dillon Dube wins face-off versus Karson Kuhlman in Punishers zone.
0:30 of 3rd period - Snap shot by Hudson Fasching.
0:30 of 3rd period - Stopped by Antoine Bibeau without a rebound.
0:31 of 3rd period - Adam Ruzicka wins face-off versus Andrew Poturalski in Punishers zone.
0:33 of 3rd period - Minor Penalty to Jack Ahcan for Tripping.
0:34 of 3rd period - Dillon Dube wins face-off versus Karson Kuhlman in Punishers zone.
0:46 of 3rd period - Snap shot by Hudson Fasching.
0:46 of 3rd period - Shot Misses the Net.
0:48 of 3rd period - Snap shot by Hudson Fasching.
0:48 of 3rd period - Shot Blocked by Noah Juulsen.
0:50 of 3rd period - Snap shot by Hudson Fasching.
0:50 of 3rd period - Shot Blocked by Noah Juulsen.
1:10 of 3rd period - Wrist shot by Nikita Scherbak.
1:10 of 3rd period - Shot Misses the Net.
1:49 of 3rd period - Slapshot by Nikita Scherbak.
1:49 of 3rd period - Stopped by Antoine Bibeau without a rebound.
1:50 of 3rd period - Jesse Ylonen wins face-off versus Hudson Fasching in Punishers zone.
1:50 of 3rd period - Jesse Ylonen is hit by Jeremy Davies.
2:33 of 3rd period - Penalty to Jack Ahcan is over, Jack Ahcan is back on ice.
2:40 of 3rd period - Snap shot by Jesse Ylonen.
2:40 of 3rd period - Stopped by Mackenzie Blackwood without a rebound.
2:41 of 3rd period - Ross Johnston wins face-off versus Ben Meyers in Icehogs zone.
2:50 of 3rd period - Snap shot by JJ. Piccinich.
2:50 of 3rd period - Shot Misses the Net.
3:27 of 3rd period - Snap shot by Kole Lind.
3:27 of 3rd period - Shot Misses the Net.
3:29 of 3rd period - Wrist shot by Oskar Lindblom.
3:29 of 3rd period - Stopped by Mackenzie Blackwood with a rebound.
3:31 of 3rd period - Snap shot by Kurtis Gabriel.
3:31 of 3rd period - Stopped by Mackenzie Blackwood without a rebound.
3:32 of 3rd period - Andrew Poturalski wins face-off versus Karson Kuhlman in Icehogs zone.
3:32 of 3rd period - Andrew Poturalski is hit by Kurtis Gabriel.
3:50 of 3rd period - Wrist shot by Kurtis Gabriel.
3:50 of 3rd period - Shot Blocked by Nikita Scherbak.
3:52 of 3rd period - Slapshot by Noah Juulsen.
3:52 of 3rd period - Stopped by Mackenzie Blackwood with a rebound.
3:54 of 3rd period - Snap shot by Karson Kuhlman.
3:54 of 3rd period - Stopped by Mackenzie Blackwood without a rebound.
3:55 of 3rd period - Adam Ruzicka wins face-off versus Dillon Dube in Icehogs zone.
4:02 of 3rd period - Wrist shot by Kole Lind.
4:02 of 3rd period - Shot Blocked by Calle Andersson.
4:22 of 3rd period - Kurtis Gabriel is hit by Mikhail Grigorenko and loses puck.
4:31 of 3rd period - Wrist shot by Oskar Lindblom.
4:31 of 3rd period - Shot Blocked by Calle Andersson.
4:43 of 3rd period - Wrist shot by Ben Johnson.
4:43 of 3rd period - Shot Blocked by Noah Juulsen.
4:45 of 3rd period - Slapshot by Calle Andersson.
4:45 of 3rd period - Deflect By Ben Johnson.
4:45 of 3rd period - Shot Misses the Net.
4:45 of 3rd period - Puck is out of play.
4:46 of 3rd period - Karson Kuhlman wins face-off versus Ben Johnson in Punishers zone.
4:56 of 3rd period - Minor Penalty to Patrick Sieloff for High sticking.
4:57 of 3rd period - Dillon Dube wins face-off versus Karson Kuhlman in Icehogs zone.
5:10 of 3rd period - Slapshot by Ben Betker.
5:10 of 3rd period - Stopped by Mackenzie Blackwood with a rebound.
5:12 of 3rd period - Slapshot by Noah Juulsen.
5:12 of 3rd period - Stopped by Mackenzie Blackwood with a rebound.
5:22 of 3rd period - Mikhail Grigorenko is hit by Adam Ruzicka and loses puck.
5:47 of 3rd period - Oskar Lindblom is hit by Julius Honka and loses puck.
6:56 of 3rd period - Penalty to Patrick Sieloff is over, Patrick Sieloff is back on ice.
7:15 of 3rd period - Snap shot by JJ. Piccinich.
7:15 of 3rd period - Stopped by Antoine Bibeau with a rebound.
7:45 of 3rd period - Marcus Karlberg is hit by Ross Johnston and loses puck.
7:56 of 3rd period - Slapshot by Maxim Letunov.
7:56 of 3rd period - Stopped by Antoine Bibeau without a rebound.
7:57 of 3rd period - Mitchell Chaffee wins face-off versus Karson Kuhlman in Punishers zone.
7:58 of 3rd period - Snap shot by Gabriel Fortier.
7:58 of 3rd period - Stopped by Antoine Bibeau with a rebound.
8:00 of 3rd period - Slapshot by Gabriel Fortier.
8:00 of 3rd period - Shot Misses the Net.
8:02 of 3rd period - Wrist shot by Mitchell Chaffee.
8:02 of 3rd period - Shot Misses the Net.
8:04 of 3rd period - Slapshot by Jeremy Davies.
8:04 of 3rd period - Stopped by Antoine Bibeau without a rebound.
8:05 of 3rd period - Dillon Dube wins face-off versus Oskar Lindblom in Punishers zone.
8:55 of 3rd period - Slapshot by Patrick Sieloff.
8:55 of 3rd period - Deflect By JJ. Piccinich.
8:55 of 3rd period - Shot Misses the Net.
8:55 of 3rd period - Puck is out of play.
8:56 of 3rd period - Ben Johnson wins face-off versus Ben Meyers in Punishers zone.
8:59 of 3rd period - Slapshot by Ben Johnson.
8:59 of 3rd period - Stopped by Antoine Bibeau without a rebound.
9:00 of 3rd period - Ben Johnson wins face-off versus Oskar Lindblom in Punishers zone.
9:12 of 3rd period - Ben Betker is hit by Calle Andersson and loses puck.
9:27 of 3rd period - Slapshot by Trevor Zegras.
9:27 of 3rd period - Stopped by Antoine Bibeau with a rebound.
9:35 of 3rd period - Snap shot by Trevor Zegras.
9:35 of 3rd period - Shot Misses the Net.
9:57 of 3rd period - Snap shot by Joel Kiviranta.
9:57 of 3rd period - Stopped by Mackenzie Blackwood with a rebound.
9:59 of 3rd period - Wrist shot by Ben Meyers.
9:59 of 3rd period - Goal by Ben Meyers - Punishers : 4 - Icehogs : 2.
10:00 of 3rd period - Dillon Dube wins face-off versus Karson Kuhlman in neutral zone.
10:05 of 3rd period - Snap shot by Trevor Zegras.
10:05 of 3rd period - Stopped by Antoine Bibeau without a rebound.
10:06 of 3rd period - Karson Kuhlman wins face-off versus Dillon Dube in Punishers zone.
10:15 of 3rd period - Slapshot by Oskar Lindblom.
10:15 of 3rd period - Goal by Oskar Lindblom - Punishers : 5 - Icehogs : 2.
10:16 of 3rd period - Oskar Lindblom wins face-off versus Dillon Dube in neutral zone.
10:19 of 3rd period - Snap shot by Kurtis Gabriel.
10:19 of 3rd period - Shot Misses the Net.
10:47 of 3rd period - Snap shot by Karson Kuhlman.
10:47 of 3rd period - Shot Hit the Post.
10:58 of 3rd period - Minor Penalty to Ben Betker for Hooking.
10:59 of 3rd period - Oskar Lindblom wins face-off versus Dillon Dube in Punishers zone.
10:59 of 3rd period - Oskar Lindblom is hit by Dillon Dube.
12:27 of 3rd period - Adam Ruzicka is hit by Andrew Poturalski and loses puck.
12:58 of 3rd period - Penalty to Ben Betker is over, Ben Betker is back on ice.
13:11 of 3rd period - Snap shot by Maxim Letunov.
13:11 of 3rd period - Shot Blocked by Ben Betker.
13:13 of 3rd period - Snap shot by Gabriel Fortier.
13:13 of 3rd period - Deflect By Maxim Letunov.
13:13 of 3rd period - Stopped by Antoine Bibeau with a rebound.
13:47 of 3rd period - Snap shot by Joel Kiviranta.
13:47 of 3rd period - Stopped by Mackenzie Blackwood without a rebound.
13:48 of 3rd period - Maxim Letunov wins face-off versus Joel Kiviranta in Icehogs zone.
13:55 of 3rd period - Snap shot by Gabriel Fortier.
13:55 of 3rd period - Shot Misses the Net.
14:13 of 3rd period - Trevor Zegras is hit by Kole Lind and loses puck.
14:24 of 3rd period - Snap shot by Mikhail Grigorenko.
14:24 of 3rd period - Stopped by Antoine Bibeau without a rebound.
14:25 of 3rd period - Karson Kuhlman wins face-off versus Andrew Poturalski in Punishers zone.
14:50 of 3rd period - Karson Kuhlman is hit by JJ. Piccinich and loses puck.
15:01 of 3rd period - Snap shot by Oskar Lindblom.
15:01 of 3rd period - Shot Misses the Net.
15:17 of 3rd period - Oskar Lindblom is hit by Trevor Zegras and loses puck.
15:57 of 3rd period - Minor Penalty to Jeremy Davies for Delaying the game.
15:58 of 3rd period - Dillon Dube wins face-off versus Adam Ruzicka in Icehogs zone.
17:57 of 3rd period - Penalty to Jeremy Davies is over, Jeremy Davies is back on ice.
18:07 of 3rd period - Niko Mikkola is hit by Mitchell Chaffee and loses puck.
18:37 of 3rd period - Icing by Andrew Poturalski.
18:38 of 3rd period - Mikhail Grigorenko wins face-off versus Ryan Suzuki in Icehogs zone.
18:51 of 3rd period - Urho Vaakanainen is hit by Ross Johnston.
18:55 of 3rd period - Braden Tracey is hit by Ben Johnson and loses puck.
19:27 of 3rd period - Snap shot by Ryan Suzuki.
19:27 of 3rd period - Deflect By Patrick Sieloff.
19:27 of 3rd period - Stopped by Mackenzie Blackwood with a rebound.
19:29 of 3rd period - Snap shot by Ryan Suzuki.
19:29 of 3rd period - Shot Misses the Net.
19:31 of 3rd period - Wrist shot by Braden Tracey.
19:31 of 3rd period - Shot Misses the Net.
19:33 of 3rd period - Wrist shot by Braden Tracey.
19:33 of 3rd period - Stopped by Mackenzie Blackwood without a rebound.
19:34 of 3rd period - Karson Kuhlman wins face-off versus Dillon Dube in Icehogs zone.
19:38 of 3rd period - Minor Penalty to Trevor Zegras for Roughing.
19:39 of 3rd period - Mikhail Grigorenko wins face-off versus Kurtis Gabriel in Icehogs zone.
Goals for this period are 2 for Punishers vs 0 for Icehogs.
Shots for this period are 13 for Punishers vs 11 for Icehogs.
Output by the SimonT Hockey Simulator (STHS) for Francois Prevost